 Dungeon Crawl Stone Soup version 0.26-b1-32-g5d43845318 (webtiles) character file.

Game seed: 10551443083829022759

38911 dohliylev the Nimble (level 13, -9/55 HPs)
             Began as a Spriggan Venom Mage on Jan 12, 2021.
             Was an Elder of Sif Muna.
             Killed from afar by a frost giant (34 damage)
             ... with a bolt of cold
             ... in an ice cave.
             The game lasted 02:36:06 (23001 turns).

dohliylev the Nimble (Spriggan Venom Mage)         Turns: 23001, Time: 02:36:06

Health: -9/55      AC: 10    Str:  4    XL:     13   Next: 66%
Magic:  0/40       EV: 31    Int: 29    God:    Sif Muna [****..]
Gold:   1104       SH:  0    Dex: 18    Spells: 3/38 levels left

rFire    . . .     SeeInvis +   C - +11 rapier of the Shouting Lamprey {pain, rN+ Will+}
rCold    . . .     Faith    .   (shield restricted)
rNeg     + . .     Spirit   +   P - +0 robe of Submission {MP+9 Dex+2}
rPois    +         Reflect  .   w - +2 hat
rElec    .         Harm     .   g - +1 cloak {rPois}
rCorr    .         Rampage  .   (gloves unavailable)
Will     +++..                  (boots unavailable)
Stlth    ++........             u - amulet of guardian spirit
HPRegen  0.18/turn              D - ring of wizardry
MPRegen  0.27/turn              I - ring "Reninyac" {AC+4 Int+7 Slay+2}

@: very quick
A: very small, unfitting armour, see invisible, speed 3
a: Renounce Religion, Channel Magic, Forget Spell, Divine Exegesis


You were in an ice cave.
You worshipped Sif Muna.
Sif Muna was greatly pleased with you.
You visited 3 branches of the dungeon, and saw 16 of its levels.
You also visited: Ice Cave.

You collected 1104 gold pieces.

Inventory:

Hand Weapons
 C - the +11 rapier of the Shouting Lamprey (weapon) {pain, rN+ Will+}
   (You found it on level 5 of the Dungeon)

   In the hands of one skilled in necromantic magic, it inflicts extra damage on
   living creatures.
   It protects you from negative energy.
   It affects your willpower, your defense against some magical effects.
Armour
 g - a +1 cloak of poison resistance (worn)
 w - a +2 hat (worn)
 P - the +0 robe of Submission (worn) {MP+9 Dex+2}
   (You found it on level 2 of the Lair of Beasts)

   It affects your dexterity (+2).
   It affects your magic capacity (+9).
Magical Staves
 G - an uncursed staff of death
Jewellery
 h - an uncursed ring of poison resistance {unknown}
 u - an amulet of guardian spirit (around neck)
 v - an uncursed ring of flight
 D - a ring of wizardry (left hand)
 I - the ring "Reninyac" (right hand) {AC+4 Int+7 Slay+2}
   (You found it on level 8 of the Dungeon)

   [ring of protection]

   It affects your AC (+4).
   It affects your intelligence (+7).
   It affects your accuracy and damage with ranged weapons and melee attacks
   (+2).
Wands
 i - a wand of random effects (33)
 l - a wand of paralysis (14)
 x - a wand of disintegration (6)
 y - a wand of acid (10)
 E - a wand of polymorph (17)
 H - a wand of digging (11)
 N - a wand of iceblast (11)
 O - a wand of flame (76)
Scrolls
 b - 10 scrolls of teleportation
 e - 6 scrolls of remove curse
 f - a scroll of fear
 j - a scroll of fog
 k - 2 scrolls of amnesia
 n - 2 scrolls of identify
 o - 5 scrolls of blinking
 q - 2 scrolls of enchant weapon
 t - 2 scrolls of magic mapping
Potions
 a - 3 potions of brilliance
 c - 3 potions of ambrosia
 d - 2 potions of flight
 m - a potion of haste
 p - 3 potions of curing
 r - a potion of might
 s - 2 potions of heal wounds
 z - a potion of cancellation
 B - 2 potions of attraction {unknown}
 F - a potion of resistance {unknown}
 J - 3 potions of magic {unknown}
 L - a potion of berserk rage {unknown}
 M - a potion of invisibility {unknown}
Miscellaneous
 S - a condenser vane


   Skills:
 - Level 4.0 Short Blades
 - Level 14.1 Dodging
 - Level 3.0 Stealth
 + Level 13.1 Spellcasting
 - Level 11.0 Conjurations
 - Level 7.6 Hexes
 - Level 6.1 Translocations
 - Level 3.7 Transmutations
 - Level 6.0 Poison Magic
 - Level 6.1 Invocations


You had 3 spell levels left.
You knew the following spells:

 Your Spells              Type           Power        Failure   Level
a - Sting                 Tmut/Pois      100%         1%          1
b - Poisonous Vapours     Pois/Air       72%          1%          2
c - Mephitic Cloud        Conj/Pois/Air  51%          1%          3
d - Olgreb's Toxic Radia  Pois           52%          1%          4
e - Blink                 Tloc           N/A          1%          2
f - Dazzling Flash        Conj/Hex       100%         1%          3
g - Teleport Other        Tloc           53%          1%          3
h - Fireball              Conj/Fire      25%          3%          5
i - Slow                  Hex            58%          1%          2
j - Lightning Bolt        Conj/Air       25%          3%          5
k - Cause Fear            Hex            29%          1%          4
l - Shock                 Conj/Air       100%         1%          1

Your spell library contained the following spells:

 Spells                   Type           Power        Failure   Level
 Beastly Appendage        Tmut           82%          1%          1
 Corona                   Hex            64%          1%          1
 Corpse Rot               Necr/Air       N/A          1%          2
 Swiftness                Air            19%          1%          2
 Wereblood                Tmut           41%          1%          2
 Gell's Gravitas          Tloc           26%          1%          3
 Ignite Poison            Fire/Tmut/Pois 38%          1%          3
 Inner Flame              Hex/Fire       41%          1%          3
 Lesser Beckoning         Tloc           26%          1%          3
 Portal Projectile        Hex/Tloc       100%         1%          3
 Spider Form              Tmut/Pois      23%          1%          3
 Static Discharge         Conj/Air       50%          1%          3
 Stone Arrow              Conj/Erth      100%         1%          3
 Passage of Golubria      Tloc           N/A          1%          4
 Iskenderun's Battlesphe  Conj           70%          1%          5
 Leda's Liquefaction      Hex/Erth       20%          2%          4
 Ice Form                 Ice/Tmut       30%          4%          4
 Blade Hands              Tmut           20%          6%          5
 Bolt of Magma            Conj/Fire/Erth 20%          7%          5
 Summon Forest            Summ/Tloc      18%          9%          5
 Airstrike                Air            9%           11%         4
 Orb of Destruction       Conj           35%          11%         7
 Iron Shot                Conj/Erth      25%          17%         6
 Eringya's Noxious Bog    Tmut/Pois      23%          22%         6
 Borgnjor's Vile Clutch   Necr/Erth      9%           28%         5
 Hydra Form               Tmut           20%          32%         6
 Spellforged Servitor     Conj/Summ      25%          65%         7
 Summon Hydra             Summ           9%           100%        7


Dungeon Overview and Level Annotations

Branches:
Dungeon (9/15)             Temple (1/1) D:5            Lair (6/6) D:8
  Swamp (0/4) Lair:3       Spider (0/4) Lair:3        Slime (0/5) Lair:6
  IceCv (1/1)
    Orc: D:9-12

Altars:
Ashenzari
Cheibriados
Dithmenos
Elyvilon
Fedhas
Gozag
Hepliaklqana
Kikubaaqudgha
Makhleb
Nemelex Xobeh
Okawaru
Qazlal
Ru
Sif Muna
Trog
Uskayaw
Vehumet
Wu Jian
Xom
Yredelemnul
Zin
The Shining One
Jiyva

Shops:
D:5 *

Annotations:
D:9 Raspi's ghost, journeyman GrMo


Innate Abilities, Weirdness & Mutations

You are very small and have problems with some larger weapons.
You are too small for most types of armour.
You have supernaturally acute eyesight. (SInv)
You cover ground extremely quickly.


Message History

The frost giant easily resists.
Casting: Slow (safe; 1% risk of failure)
Confirm with . or Enter, or press ? or * to list all spells.
Aiming: Slow (safe; 1% risk of failure)
Press: ? - help, Shift-Dir - straight line, f/p - frost giant
Aim: a frost giant, wielding a +2 battleaxe of freezing, wearing a +1 animal skin of cold resistance and wearing the ring "Zulump" {rC+ Dex+5} (lightly wounded, poisoned, chance to affect: 37%)
The frost giant easily resists.
Casting: Slow (safe; 1% risk of failure)
Confirm with . or Enter, or press ? or * to list all spells.
Aiming: Slow (safe; 1% risk of failure)
Press: ? - help, Shift-Dir - straight line, f/p - frost giant
Aim: a frost giant, wielding a +2 battleaxe of freezing, wearing a +1 animal skin of cold resistance and wearing the ring "Zulump" {rC+ Dex+5} (lightly wounded, poisoned, chance to affect: 37%)
The frost giant easily resists.
The frost giant points at you and mumbles some strange words.
The bolt of cold hits you!!!
Ouch! That really hurt!
The frost giant casts a spell at you. The bolt of cold hits you!!!
Ouch! That really hurt!
You die...

.### #.###.÷##
## #.###...##
## #..###...#
.# #..# ##..##
.# ##.# #...#
.# ##..# #...#
## #..##
##..## ## #..#
#####..# .##
##.####..###@#
.÷###..#
#.⌠###..#
...#..##
#...##.##
#.....#
#..#.C.#
#....##
##C#..##
##..##
##.##### #..#
#.##.## ###.#
##.#..# .#.##
##.#......#


You could see a frost giant (poisoned).

Vanquished Creatures
  The ghost of Aviak the Agent of Entropy, a journeyman TeAK of Lugonu (Lair:4)
  A boulder beetle (D:9)
  3 hydras
  2 two-headed ogres (D:9)
  A tengu warrior (D:9)
  Sonja (Lair:3)
  A moth of wrath (D:9)
  11 elephants
  An ice statue (IceCv)
  A black mamba (Lair:3)
  A torpor snail (Lair:5)
  5 cane toads
  6 rime drakes
  5 komodo dragons
  2 trolls (D:9)
  A hornet (D:9)
  A tyrant leech (Lair:3)
  19 polar bears
  4 dream sheep (Lair:3)
  4 slime creatures (Lair:4)
  10 blink frogs
  Sigmund (D:6)
  A wyvern (Lair:2)
  42 yaks
  A tarantella (Lair:3)
  2 basilisks
  Menkaure (D:5)
  2 wargs (D:8)
  2 swamp worms (Lair:6)
  Edmund (D:5)
  Duvessa (D:5)
  8 water moccasins
  A sky beast (D:8)
  7 orc warriors
  4 ogres
  25 wolves
  A centaur (D:5)
  2 big kobolds
  Blork the orc (D:6)
  14 bullfrogs
  A gnoll sergeant (D:8)
  A water moccasin zombie (D:9)
  Dowan (D:5)
  4 scorpions
  11 killer bees
  5 howler monkeys
  13 wights
  2 electric eels (Lair:4)
  7 jellies
  A centaur zombie (D:6)
  2 quasits (D:9)
  A centaur skeleton (D:9)
  A bullfrog skeleton (D:9)
  3 orc priests
  4 hounds
  10 orc wizards
  3 iguanas
  Natasha (twice) (D:2)
  5 worker ants
  4 hell rats (Lair:3)
  2 hound skeletons
  3 worker ant zombies (D:5)
  8 adders
  19 gnolls
  6 white imps
  2 ufetubi
  An adder zombie (D:6)
  4 worms
  2 dart slugs
  4 leopard geckos
  42 orcs
  2 ball pythons (D:2)
  8 giant cockroaches
  9 hobgoblins
  13 jackals
  2 quokkas
  7 bats
  6 frilled lizards
  A giant cockroach zombie (D:6)
  14 goblins
  18 kobolds
  A leopard gecko skeleton (D:4)
  A quokka zombie (D:7)
  9 rats
463 creatures vanquished.

Vanquished Creatures (others)
  A death yak (IceCv)
  A phantom (D:8)
  2 orc priests (D:8)
  A white imp (Lair:6)
  31 fungi
  48 plants
84 creatures vanquished.

Grand Total: 547 creatures vanquished

Notes
Turn   | Place    | Note
-------+----------+-------------------------------------------
     0 | D:1      | dohliylev the Spriggan Venom Mage began the quest for the
                  | Orb.
     0 | D:1      | Reached XP level 1. HP: 9/9 MP: 5/5
   342 | D:1      | Reached XP level 2. HP: 13/13 MP: 5/7
   345 | D:1      | Learned a level 2 spell: Poisonous Vapours
   864 | D:1      | Reached XP level 3. HP: 16/16 MP: 5/9
  1674 | D:2      | Noticed Natasha
  1711 | D:2      | Killed Natasha
  1712 | D:2      | Reached XP level 4. HP: 19/21 MP: 0/11
  1974 | D:2      | Reached skill level 5 in Spellcasting
  1999 | D:2      | Reached XP level 5. HP: 11/24 MP: 3/13
  2109 | D:2      | Noticed Natasha
  2127 | D:2      | Killed Natasha
  2432 | D:2      | Found a sacrificial altar of Ru.
  2819 | D:3      | Reached skill level 5 in Poison Magic
  2842 | D:3      | Found a hide-covered altar of Uskayaw.
  3072 | D:3      | Reached skill level 4 in Dodging
  3616 | D:3      | Found a bloodstained altar of Trog.
  3911 | D:4      | Noticed an ogre
  3916 | D:4      | Learned a level 3 spell: Mephitic Cloud
  3930 | D:4      | Killed an ogre
  3931 | D:4      | Reached skill level 6 in Dodging
  3931 | D:4      | Reached XP level 6. HP: 28/28 MP: 10/14
  4466 | D:4      | Reached XP level 7. HP: 32/32 MP: 14/18
  5167 | D:5      | Entered Level 5 of the Dungeon
  5309 | D:5      | Found a staircase to the Ecumenical Temple.
  5318 | Temple   | Entered the Ecumenical Temple
  5775 | D:5      | Noticed Dowan
  5776 | D:5      | Noticed Duvessa
  5844 | D:5      | Killed Duvessa
  6394 | D:5      | Found a glowing silver altar of Zin.
  6394 | D:5      | Found Zin's Purification Station.
  6418 | D:5      | Noticed Edmund
  6428 | D:5      | Killed Edmund
  6429 | D:5      | Reached XP level 8. HP: 36/36 MP: 7/22
  6483 | D:5      | Got a scorched rapier
  6512 | D:5      | Identified the +11 rapier of the Shouting Lamprey {pain,
                  | rN+ Will+} (You found it on level 5 of the Dungeon)
  6644 | D:5      | Noticed Menkaure
  6651 | D:5      | Killed Menkaure
  6652 | D:5      | Reached skill level 10 in Spellcasting
  6786 | D:5      | Killed Dowan
  7224 | D:6      | Learned a level 4 spell: Olgreb's Toxic Radiance
  7325 | D:6      | Learned a level 2 spell: Blink
  7374 | D:6      | Found a hazy altar of Hepliaklqana.
  7432 | D:6      | Found a shadowy altar of Dithmenos.
  7501 | D:6      | Found a white marble altar of Elyvilon.
  7590 | D:6      | Noticed Sigmund
  7600 | D:6      | Killed Sigmund
  7601 | D:6      | Reached XP level 9. HP: 39/39 MP: 7/25
  7608 | D:6      | Reached skill level 5 in Translocations
  7744 | D:6      | Learned a level 3 spell: Gell's Gravitas
  7761 | D:6      | Learned a level 3 spell: Teleport Other
  7766 | D:6      | Learned a level 4 spell: Passage of Golubria
  7848 | D:6      | Noticed Blork the orc
  7860 | D:6      | Killed Blork the orc
  8430 | D:7      | Reached skill level 7 in Dodging
  8495 | D:7      | Reached skill level 8 in Dodging
  8723 | D:7      | Reached skill level 9 in Dodging
  8847 | D:7      | Found a basalt altar of Yredelemnul.
  8967 | D:7      | Found a shimmering blue altar of Sif Muna.
  8975 | D:7      | Became a worshipper of Sif Muna the Loreminder
  9073 | D:8      | Reached skill level 1 in Invocations
  9127 | D:8      | Found a radiant altar of Vehumet.
  9621 | D:8      | Found a staircase to the Lair.
  9741 | D:8      | Reached skill level 5 in Invocations
  9960 | D:8      | Reached * piety under Sif Muna
 10151 | D:8      | Found a broken altar of Ashenzari.
 10376 | D:8      | Reached XP level 10. HP: 44/44 MP: 14/26
 10709 | D:8      | Found an ornate altar of the Wu Jian Council.
 10710 | D:8      | Found an iron altar of Okawaru.
 10715 | D:8      | Got a translucent platinum ring
 11061 | D:9      | Learned a level 2 spell: Slow
 11065 | D:9      | Learned a level 3 spell: Inner Flame
 11070 | D:9      | Learned a level 4 spell: Cause Fear
 11076 | D:9      | Reached ** piety under Sif Muna
 11077 | D:9      | Reached skill level 1 in Hexes
 11255 | D:9      | Found a transporter.
 11257 | D:9      | Found a transporter.
 11262 | D:9      | Found a bloodstained altar of Trog.
 11262 | D:9      | Noticed a two-headed ogre
 11269 | D:9      | Identified the +12 great sword of Oenomania {antimagic,
                  | Will+ Str+5}
 11269 | D:9      | Noticed a tengu warrior
 11270 | D:9      | Noticed a moth of wrath
 11270 | D:9      | Noticed Raspi's ghost (journeyman GrMo)
 11280 | D:9      | Identified the cursed +1 war axe of the Eight Demons
                  | {antimagic, +Inv}
 11291 | D:9      | Noticed a two-headed ogre
 11509 | D:9      | Reached skill level 5 in Hexes
 11641 | D:9      | Noticed a boulder beetle
 11668 | D:9      | Killed a boulder beetle
 11883 | D:9      | Reached *** piety under Sif Muna
 11885 | D:9      | Reached skill level 10 in Dodging
 12244 | D:9      | Found a glowing golden altar of the Shining One.
 12464 | D:9      | Killed a two-headed ogre
 12465 | D:9      | Reached skill level 11 in Dodging
 12471 | D:9      | Killed a moth of wrath
 12564 | D:9      | Killed a two-headed ogre
 12565 | D:9      | Reached skill level 12 in Dodging
 12565 | D:9      | Reached XP level 11. HP: 47/47 MP: 11/27
 12604 | D:9      | Killed a tengu warrior
 13117 | Lair:1   | Entered Level 1 of the Lair of Beasts
 13129 | Lair:1   | Reached skill level 13 in Dodging
 13716 | Lair:1   | Reached skill level 14 in Dodging
 13979 | Lair:1   | Learned a level 1 spell: Shock
 14106 | Lair:2   | Got an ominously black robe
 14127 | Lair:2   | Identified the +0 robe of Submission {MP+9 Dex+2} (You
                  | found it on level 2 of the Lair of Beasts)
 14129 | Lair:2   | Identified the ring "Reninyac" {AC+4 Int+7 Slay+2} (You
                  | found it on level 8 of the Dungeon)
 15042 | Lair:3   | Noticed a seven-headed hydra
 15097 | Lair:3   | Noticed an eight-headed hydra
 15102 | Lair:3   | Reached skill level 1 in Conjurations
 15106 | Lair:3   | Found a staircase to the Swamp.
 15182 | Lair:3   | Killed a seven-headed hydra
 15214 | Lair:3   | Killed an eight-headed hydra
 15462 | Lair:3   | Found a hole to the Spider Nest.
 15559 | Lair:3   | Reached XP level 12. HP: 51/51 MP: 20/30
 16110 | Lair:3   | Reached skill level 5 in Conjurations
 16219 | Lair:3   | Noticed Sonja
 16235 | Lair:3   | Reached skill level 1 in Short Blades
 16253 | Lair:3   | Killed Sonja
 17256 | Lair:3   | Identified a scroll of acquirement
 17256 | Lair:3   | Acquired Sif Muna's Disquisition on Attacks and the
                  | Mountains
 17672 | Lair:4   | Learned a level 3 spell: Dazzling Flash
 17678 | Lair:4   | Learned a level 5 spell: Fireball
 17684 | Lair:4   | Learned a level 5 spell: Lightning Bolt
 17687 | Lair:4   | Learned a level 2 spell: Swiftness
 17880 | Lair:4   | Noticed an eight-headed hydra
 18004 | Lair:4   | Killed an eight-headed hydra
 18400 | Lair:4   | Found a runed translucent gate.
 18400 | Lair:4   | Found a runed translucent gate.
 18400 | Lair:4   | Found a runed translucent gate.
 18403 | Lair:4   | Noticed Aviak's ghost (journeyman TeAK)
 18437 | Lair:4   | Found a viscous altar of Jiyva.
 19012 | Lair:4   | Killed Aviak's ghost
 19013 | Lair:4   | Reached XP level 13. HP: 55/55 MP: 6/31
 20584 | Lair:6   | Entered Level 6 of the Lair of Beasts
 20710 | Lair:6   | Found a staircase to the Slime Pits.
 20710 | Lair:6   | Found a viscous altar of Jiyva.
 20731 | Lair:6   | Found a frozen archway.
 20914 | IceCv    | Entered an ice cave
 21132 | IceCv    | Reached **** piety under Sif Muna
 21246 | IceCv    | Reached skill level 10 in Conjurations
 22379 | IceCv    | Noticed a frost giant
 22649 | IceCv    | Identified the ring "Zulump" {rC+ Dex+5}
 23001 | IceCv    | Killed from afar by a frost giant

Illustrated notes

Levels and vault maps discovered:
D:1:      lemuel_arrival_funnel, layout_basic, minmay_pentomino_s4
D:2:      layout_loops_corners, nicolae_ru_the_path_less_chosen, serial_rivers,
          chequers_serial_rivers_marsh, chequers_serial_rivers_small_b,
          chequers_serial_rivers_room_b, chequers_serial_rivers_micro_b,
          chequers_serial_rivers_micro_b, uniq_natasha
D:3:      layout_loops_corners, eat_drink_and_be_merry_uskayaw,
          lemuel_round_altar
D:4:      layout_cave_pods, serial_rivers, chequers_serial_rivers_micro_c,
          chequers_serial_rivers_room_b, chequers_serial_rivers_small_b,
          chequers_serial_rivers_micro_d, chequers_serial_rivers_micro_e,
          chequers_serial_rivers_room_b, dk_noncrumbling_2,
          lightli_corner_chamber
D:5:      layout_basic, zin_purify, minmay_temple_entry_purple_smoke,
          feat_on_display, uniq_menkaure, uniq_edmund, uniq_duvessa
D:6:      layout_loops_ring, nicolae_overflow_crystal_walls,
          lemuel_coloured_pillars_altar, basic_altar, uniq_sigmund,
          uniq_blork_the_orc
D:7:      layout_rooms, kennysheep_mini_moat, lemuel_blue_sif_altar
D:8:      corexii_shack_village, layout_loops_corners, old_standard_altar,
          fiery_altar_vehumet, chequers_temple_overflow_statue_of_worship,
          erik_lair_orcish_takeover
D:9:      layout_irregular_city, kennysheep_mini,
          gammafunk_ghost_wrathful_warriors
Temple:   compressed_dpeg_triangle_lava_temple
Lair:1:   layout_cave_shapes, chequers_serial_rivers_marsh,
          grunt_forest_small_clearing_treed, serial_bayou_shore_a
Lair:2:   layout_cave_shapes
Lair:3:   layout_loops_ring, palyth_hydra_swamp_entry, spider_nest_entry_rubble,
          grunt_megastairs_3, lemuel_fruit_tree, infiniplex_staircase_pool,
          uniq_sonja
Lair:4:   layout_regular_city, gammafunk_ghost_ooze, serial_bayou_lagoon_b
Lair:5:   layout_cellular_growth
Lair:6:   due_jungle_book, layout_regular_city, slime_altar_1,
          portal_ice_cave_entry_imps, worms_lemuel, minmay_lair_oklob_chamber
IceCv:    ice_cave_caverns_01

Skill      XL: |  1  2  3  4  5  6  7  8  9 10 11 12 13 |
---------------+----------------------------------------+-----
Spellcasting   | 3 4 5 6 9 11 13 | 13.1
Poison Magic   | 4 5 6 |  6.0
Dodging        | 6 9 12 14 | 14.1
Translocations | 4 6 |  6.1
Invocations    | 6 |  6.1
Transmutations | 3 |  3.7
Hexes          | 7 |  7.6
Conjurations   | 3 8 11 | 11.0
Short Blades   | 4 |  4.0
Stealth        | |  3.0

Action                   |  1- 3 |  4- 6 |  7- 9 | 10-12 | 13-15 || total
-------------------------+-------+-------+-------+-------+-------++-------
Melee: Unarmed           |     1 |       |       |       |       ||     1
       Falchion          |       |    22 |    45 |       |       ||    67
       Rapier            |       |       |    70 |   113 |    89 ||   272
 Cast: Sting             |    53 |    83 |   142 |   249 |    54 ||   581
       Poisonous Vapours |    25 |    28 |   114 |   165 |    41 ||   373
       Mephitic Cloud    |       |       |     9 |     9 |     7 ||    25
       Gell's Gravitas   |       |       |    16 |    25 |       ||    41
       Olgreb's Toxic Ra |       |       |     1 |    41 |    25 ||    67
       Blink             |       |       |     1 |     6 |     5 ||    12
       Passage of Golubr |       |       |     1 |       |       ||     1
       Slow              |       |       |       |    37 |    13 ||    50
       Shock             |       |       |       |    69 |    24 ||    93
       Cause Fear        |       |       |       |     3 |     1 ||     4
       Inner Flame       |       |       |       |     1 |       ||     1
       Fireball          |       |       |       |     6 |    11 ||    17
       Lightning Bolt    |       |       |       |     4 |    22 ||    26
       Dazzling Flash    |       |       |       |     2 |     8 ||    10
       Teleport Other    |       |       |       |       |     3 ||     3
Invok: Forget Spell      |       |       |       |     4 |       ||     4
       Channel Magic     |       |       |       |     3 |     1 ||     4
  Use: Scroll            |       |       |       |    21 |       ||    21
 Stab: Sleeping          |       |       |     1 |       |       ||     1
       Confused          |       |       |     2 |     2 |     2 ||     6
       Invisible         |       |       |       |       |     1 ||     1
Armor: Robe              |     2 |     2 |     9 |    13 |    17 ||    43
Dodge: Dodged            |    18 |    41 |   140 |   241 |   165 ||   605
       Rpst.: Falchion   |       |     7 |    17 |       |       ||    24
